 Dungeon Crawl Stone Soup version 0.29-a0-367-gc2b5878c41 (webtiles) character file.

Game seed: 14835379974694980243

24 Lekart the Skirmisher (level 2, -8/27 HPs)
             Began as a Draconian Chaos Knight on May 1, 2022.
             Was a Plaything of Xom.
             Killed by an exploding dart slug (34 damage)
             ... ignited by their inner flame
             ... on level 2 of the Dungeon.
             The game lasted 00:01:16 (1194 turns).

Lekart the Skirmisher (Draconian Chaos Knight)      Turns: 1194, Time: 00:01:17

Health: -8/27      AC:  4    Str: 14    XL:     2   Next: 79%
Magic:  2/2        EV: 12    Int: 12    God:    Xom [..*...]
Gold:   144        SH:  0    Dex: 10    Spells: 1/1 levels left

rFire   . . .      SeeInvis .   a - +0 falchion (chaos)
rCold   . . .      Faith    .   (no shield)
rNeg    . . .      Spirit   .   (body armour unavailable)
rPois   .          Reflect  .   (helmet restricted)
rElec   .          Harm     .   (no cloak)
rCorr   .          Rampage  .   (no gloves)
Will    .....                   (no boots)
Stlth   +.........              (no amulet)
HPRegen 0.09/turn               (no ring)
MPRegen 0.08/turn               (no ring)

@: no status effects
A: AC +4, unfitting armour, cold-blooded
a: Renounce Religion


You were on level 2 of the Dungeon.
You worshipped Xom.
You were a toy of Xom.
You visited 1 branch of the dungeon, and saw 2 of its levels.

You collected 144 gold pieces.

Inventory:

Hand Weapons
 a - a +0 falchion of chaos (weapon)
Scrolls
 d - 3 scrolls of immolation
Potions
 c - a potion of haste {unknown}
 e - a potion of attraction {unknown}
 f - 2 potions of magic {unknown}
 g - 3 potions of flight {unknown}
 i - a potion of curing {unknown}
 j - a potion of brilliance {unknown}
Miscellaneous
 b - a piece from Xom's chessboard (15/15) (quivered)


   Skills:
 + Level 3.7 Fighting
 + Level 3.4 Long Blades
 * Level 2.5 Dodging


You had one spell level left.
You didn't know any spells.
Your spell library contained the following spells:

 Spells                   Type           Power      Damage    Failure   Level
 Slow                     Hex            0%         N/A       32%         1
 Call Canine Familiar     Summ           0%         N/A       69%         3
 Confusing Touch          Hex            0%         N/A       69%         3
 Portal Projectile        Hex/Tloc       0%         N/A       69%         3
 Vampiric Draining        Necr           0%         2d6       69%         3
 Leda's Liquefaction      Hex/Erth       0%         N/A       97%         4


Dungeon Overview and Level Annotations

Branches:
Dungeon (2/15)

Altars:


Innate Abilities, Weirdness & Mutations

Your plain brown scales are hard. (AC +4)
You cannot fit into any form of body armour.
You are cold-blooded and may be slowed by cold attacks.


Message History

A frilled lizard is nearby!
The frilled lizard hisses angrily.
You hit the frilled lizard but do no damage.
Your tail-slap misses the frilled lizard.
The frilled lizard bites you but does no damage.
The frilled lizard barely misses you.
You closely miss the frilled lizard.
The frilled lizard bites you but does no damage.
You closely miss the frilled lizard. The frilled lizard closely misses you.
You hit the frilled lizard.
The frilled lizard seems to slow down.
You freeze the frilled lizard.
You kill the frilled lizard!
No target in view!
No target in view!
No target in view!
No target in view!
No target in view!
No target in view!
No target in view!
No target in view!
d - a scroll labelled CIEFAANIU LUGE
d - 4 scrolls labelled CIEFAANIU LUGE (gained 3)
There is an open door here.
A dart slug comes into view.
A dart slug is nearby!
Okay, then.
As you read the scroll labelled CIEFAANIU LUGE, it crumbles to dust.
The creatures around you are filled with an inner flame!
It was a scroll of immolation.
Unknown command.
The dart slug launches a dart at you. The slug dart hits you.
You hit the dart slug.
Flame seeps out of the dart slug.
The dart slug is heavily wounded.
The dart slug is engulfed in blazing flames.
The dart slug explodes!
The fiery explosion engulfs you!!
Ouch! That really hurt!
You die...
Xom roars with laughter!

#.............##^..........#
#.............##.).........#
#....≈≈≈≈≈....##...........#
#......≈......#............#
#......≈.....†#............#
#..≈≈≈≈#≈≈≈≈..'............#
#......≈.....†##...........#
#......≈..†...##...........#
#....≈≈≈≈≈....##@§####.#####
#.............###○# .#
#.............# #§# .#
#.............# ...
############### #... ...#
.... ...##


There were no monsters in sight!

Vanquished Creatures
  2 dart slugs
  An endoplasm (D:2)
  A giant cockroach (D:2)
  4 goblins
  A hobgoblin (D:2)
  3 quokkas
  3 ball pythons
  3 bats (D:1)
  2 frilled lizards
  A kobold (D:1)
21 creatures vanquished.

Notes
Turn   | Place    | Note
-------+----------+-------------------------------------------
     0 | D:1      | Lekart the Draconian Chaos Knight began the quest for the
                  | Orb.
     0 | D:1      | Reached XP level 1. HP: 19/19 MP: 1/1
    22 | D:1      | XOM: smoke on damage
   320 | D:1      | XOM: divination: magic mapping
   383 | D:1      | Reached XP level 2. HP: 24/26 MP: 2/2
   471 | D:1      | XOM: silly message
   515 | D:1      | XOM: silly message
  1194 | D:2      | Killed by an exploding dart slug... ignited by their inner
                  | flame

Illustrated notes

Levels and vault maps discovered:
D:1:      roderic_dead_forest, layout_basic, dreamdust_mushroom_princess,
          hangedman_decor_slide_cut, minmay_misc_feat_hallway, minmay_unequal
D:2:      layout_basic, nicolae_ecumenical_lake_church,
          kennysheep_generic_room_16

Action                   || total
-------------------------++-------
Melee: Falchion          ||    67
       Tailslap          ||     6
       Punch             ||     1
  Use: Scroll            ||     5
Armor: Skin              ||    31
Dodge: Dodged            ||    47

Table legend: (Time is in decaauts)
 A = Elapsed time spent in this place.
 B = Non-inter-level travel time spent in this place.
 C = Inter-level travel time spent in this place.
 D = Time resting spent in this place.
 E = Time spent auto-exploring this place.
 F = Levels seen in this place.
 G = Mean time per level.
                   A        B        C        D        E       F      G
               +--------+--------+--------+--------+--------+-----+--------+
         Total |   1203 |   1185 |     18 |      0 |    996 |   2 |  601.5 |
       Dungeon |   1203 |   1185 |     18 |      0 |    996 |   2 |  601.5 |
               +--------+--------+--------+--------+--------+-----+--------+

Top non-repeatable levels by time:
     D:1: 918 daAuts
     D:2: 285 daAuts
